 Dungeon Crawl Stone Soup version 0.19-a0-231-gae044c8 (webtiles) character file.

619 aurelian the Cudgeler (level 7, -6/52 HPs)
             Began as a Mummy Fighter on May 24, 2016.
             Mangled by an orc warrior
             ... wielding a +0 scimitar
              (7 damage)
             ... on level 4 of the Dungeon.
             The game lasted 00:11:55 (5700 turns).

aurelian the Cudgeler (Mummy Fighter)               Turns: 5700, Time: 00:11:56

Health: -6/52      AC:  8    Str: 19    XL:     7   Next: 21%
Magic:  7/7        EV:  9    Int:  7    God:
Gold:   184        SH:  4    Dex: 14    Spells: 0 memorised, 6 levels left

rFire  x . .     SeeInvis .     a - +0 flail
rCold  + . .     Gourm    .     t - +0 scale mail
rNeg   + + +     Faith    .     f - +0 buckler
rPois  ∞         Spirit   .     g - +0 helmet
rElec  .         Dismiss  .     (no cloak)
rCorr  .         Reflect  .     r - +0 pair of gloves
SustAt .         Harm     .     (no boots)
MR     .....                    (no amulet)
Stlth  ..........               (no ring)
                                (no ring)

@: not resistant to hostile enchantments, extremely unstealthy
A: no food or potions, fire vulnerability, cold resistance 1, negative energy
resistance 3, torment resistance, unbreathing
a: no special abilities


You were on level 4 of the Dungeon.
You were not hungry.

You visited 1 branch of the dungeon, and saw 5 of its levels.

You collected 247 gold pieces.
You spent 63 gold pieces at shops.

Inventory:

Hand Weapons
 a - a +0 flail (weapon)
 b - a +0 blowgun
Missiles
 d - 5 curare-tipped needles
 j - 76 stones (quivered)
 m - a poisoned needle
Armour
 c - a +0 shield
 f - a +0 buckler (worn)
 g - a +0 helmet (worn)
 r - a +0 pair of gloves (worn)
 t - a +0 scale mail (worn)
Jewellery
 q - an uncursed ring of teleportation
Scrolls
 e - a scroll of immolation
 h - 5 scrolls of identify
 i - a scroll of remove curse
 k - a scroll of magic mapping
 l - 2 scrolls of amnesia
 n - a scroll of recharging {unknown}
 o - a scroll of fog
 s - a scroll of blinking {unknown}
Books
 p - a book of Summonings

   Spells                             Type                      Level
   a - Recall                         Summoning/Translocation      3
   b - Aura of Abjuration             Summoning                    5
   c - Summon Demon                   Summoning                    5
   d - Summon Forest                  Summoning/Translocation      5
   e - Summon Mana Viper              Hexes/Summoning              5
   f - Shadow Creatures               Summoning                    6


   Skills:
 - Level 3.0 Fighting
 + Level 6.7 Maces & Flails
 - Level 2.4 Armour
 - Level 2.4 Shields


You had 6 spell levels left.
You didn't know any spells.

Dungeon Overview and Level Annotations

Branches:
Dungeon (5/15)
 Temple: D:4-7

Altars:
Ashenzari

Shops:
D:4 *


Innate Abilities, Weirdness & Mutations

You do not eat or drink.
Your flesh is vulnerable to fire.
You are immune to poison.
Your flesh is cold resistant. (rC+)
You are immune to negative energy. (rN+++)
You are immune to unholy pain and torment.
You can survive without breathing.


Message History

* * * LOW HITPOINT WARNING * * *
You closely miss the orc warrior.
The orc warrior is moderately wounded.
The orc warrior closely misses you.
You hit the orc warrior.
The orc warrior is heavily wounded.
You closely miss the orc warrior.
The orc warrior is severely wounded.
The orc warrior hits you with a scimitar!
* * * LOW HITPOINT WARNING * * *
Unknown command.
You barely miss the orc warrior.
The orc warrior is severely wounded.
You block the orc warrior's attack.
You hit the orc warrior.
The orc warrior is severely wounded.
You hit the orc warrior.
The orc warrior is almost dead.
The orc warrior hits you with a scimitar!
You die...

# ###### # #
##..#.## #### ### #
#.....o# ##..# ##..
# ##....@##
#...###... #......##
#...#..... ####
##......# #..#[.....
...### ##.....##
##....#... .....##
##.....####....##...
......##
#.....##.)..###....
.......#
##.........## #....
.......##
##.......## #....
........# ##.....##
#.>..


You could see an orc warrior.

Vanquished Creatures
  A scorpion (D:5)
  2 crimson imps (D:5)
  5 orc priests
  A hound (D:4)
  2 iguanas
  3 worker ants
  A worker ant zombie (D:5)
  6 adders
  A gnoll (D:1)
  A shadow imp (D:4)
  An adder skeleton (D:4)
  3 worms (D:2)
  A dart slug (D:1)
  6 giant geckos
  8 orcs
  5 giant cockroaches
  8 goblins
  8 hobgoblins
  9 jackals
  6 kobolds
  4 quokkas
  2 ball pythons
  A ball python skeleton (D:5)
  5 bats
  6 giant newts
  A jackal skeleton (D:5)
  5 rats
102 creatures vanquished.

Notes
Turn   | Place    | Note
--------------------------------------------------------------
     0 | D:1      | aurelian the Mummy Fighter began the quest for the Orb.
     0 | D:1      | Reached XP level 1. HP: 18/18 MP: 1/1
   172 | D:1      | Reached skill level 2 in Maces & Flails
   432 | D:1      | Reached XP level 2. HP: 24/24 MP: 2/2
   962 | D:1      | Reached XP level 3. HP: 21/29 MP: 3/3
  1207 | D:2      | Reached skill level 3 in Maces & Flails
  1705 | D:2      | Reached XP level 4. HP: 35/35 MP: 4/4
  2239 | D:3      | Reached skill level 4 in Maces & Flails
  2799 | D:3      | Reached XP level 5. HP: 22/41 MP: 5/5
  3195 | D:3      | Reached skill level 5 in Maces & Flails
  3303 | D:4      | Reached XP level 6. HP: 46/47 MP: 6/6
  3711 | D:4      | Found Keihy's Serpentskin Sales.
  3720 | D:4      | Noticed a water moccasin
  3738 | D:4      | HP: 2/47 [water moccasin (4)]
  4256 | D:4      | Found a shattered altar of Ashenzari.
  4362 | D:5      | Entered Level 5 of the Dungeon
  4710 | D:5      | Reached skill level 6 in Maces & Flails
  4759 | D:5      | Reached XP level 7. HP: 32/52 MP: 7/7
  5239 | D:4      | Bought 6 poisoned needles for 31 gold pieces
  5239 | D:4      | Bought a +0 blowgun for 32 gold pieces
  5697 | D:4      | HP: 1/52 [orc warrior/scimitar (15)]
  5700 | D:4      | Mangled by an orc warrior

Vault maps used:
D:1:      lemuel_arrival_lava_pool, lemuel_another_geyser
D:2:      first_bread, guppyfry_early_lair_pool
D:4:      old_standard_altar, grunt_decor_cap, guppyfry_shop_venom

Skill      XL: |  1  2  3  4  5  6 |
---------------+-------------------+-----
Maces & Flails | 2 3 4 5 6 |  6.7
Fighting       | |  3.0
Armour         | |  2.4
Shields        | |  2.4

Action                   |  1- 3 |  4- 6 |  7- 9 || total
-------------------------+-------+-------+-------++-------
Melee: Flail             |   164 |   244 |    70 ||   478
 Fire: Blowgun           |       |       |     8 ||     8
Throw: Stone             |       |    15 |     1 ||    16
  Use: Scroll            |       |    10 |     1 ||    11
Armor: Scale mail        |    78 |   100 |    17 ||   195
Dodge: Dodged            |    76 |   105 |    32 ||   213
Block: Shield            |    13 |       |       ||    13
       Buckler           |    33 |    50 |    13 ||    96
